cohdb
Replays
Latest Replays
All Replays
Popular Replays
Top Player Replays
Match Explorer
How It Works
Community
CoH3 Stats
Reddit
Sign in to upload your games and track your stats! →
Sign in with Steam
Match 45957420
Unlisted
Match 45957420
Overview
Messages
Build Orders
End
Kettenkrad Recon Vehicle
Construct Infanterie Kompanie
Selects Terror Battlegroup
Selects Machine Gun Camouflage
Grenadier Squad
MG 42 Machine Gun Team
Grenadier Squad
Construct Panzergrenadier Kompanie
Selects Interrogate
Panzergrenadier Squad
Medical Station
Panzergrenadier Squad
Pak 40 Anti-tank Gun Team
Panzergrenadier Officer Quarters
Construct Panzer Kompanie
Selects Defend the Fatherland
Pak 40 Anti-tank Gun Team
Medical Bunker
Panzer IV Medium Tank
Side Skirts
251 Medium Carrier
Evelynn
Adamir@Magnum.CZ
DebaKLeTV
MIHua
0
0
Comments
sign in to comment!
No comments posted yet!